 Dungeon Crawl Stone Soup version 0.29.1-4-g47bece8355 (webtiles) character file.

Game seed: 4908512430980553918

14 mester the Caller (level 2, -1/1 (20) HPs)
             Began as a Meteoran Summoner on Dec 1, 2022.
             Slain by a jackal (2 damage)
             ... on level 2 of the Dungeon.
             The game lasted 00:07:23 (1085 turns).

mester the Caller (Meteoran Summoner)               Turns: 1085, Time: 00:07:26

HP:   -1/1 (20)     AC:  2    Str:  9    XL:     2   Next: 76%
MP:   5/6           EV: 12    Int: 16    God:
Gold: 40            SH:  0    Dex: 14    Spells: 5/6 levels left

rFire   . . .      SeeInvis .   d - +2 dagger (venom)
rCold   . . .      Faith    .   (no shield)
rNeg    . . .      Spirit   .   a - +0 robe
rPois   .          Reflect  .   (no helmet)
rElec   .          Harm     .   (no cloak)
rCorr   .          Rampage  .   (no gloves)
Will    .....                   (no boots)
Stlth   +.........              h - amulet of the acrobat
HPRegen 0.01/turn               (no ring)
MPRegen 0.10/turn               (no ring)

@: very slightly contaminated, glowing, extremely drained
A: sense surroundings 1, otherworldly, glowing, explore regen
a: no special abilities


You were on level 2 of the Dungeon.
You visited 1 branch of the dungeon, and saw 2 of its levels.

You collected 40 gold pieces.

Inventory:

Hand Weapons
 d - a +2 dagger of venom (weapon)
Armour
 a - a +0 robe (worn)
Jewellery
 h - an amulet of the acrobat (around neck)
Scrolls
 c - a scroll of teleportation {unknown}
 f - 4 scrolls of noise {unknown}
 g - 2 scrolls of identify {unknown}
 i - a scroll of vulnerability {unknown}
 k - a scroll of fear {unknown}
Potions
 b - a potion of magic
 e - a potion of heal wounds {unknown}
 j - a potion of ambrosia {unknown}
 l - a potion of lignification {unknown}


   Skills:
 * Level 0.2 Short Blades
 + Level 2.4 Dodging
 + Level 1.4 Stealth
 + Level 2.8 Spellcasting
 + Level 5.4 Summonings


You had 5 spell levels left.
You knew the following spells:

 Your Spells              Type           Power      Damage    Failure   Level
a - Summon Small Mammal   Summ           76%        N/A       1%          1

Your spell library contained the following spells:

 Spells                   Type           Power      Damage    Failure   Level
 Call Imp                 Summ           19%        N/A       3%          2
 Call Canine Familiar     Summ           19%        N/A       6%          3
 Summon Guardian Golem    Hex/Summ       10%        N/A       19%         3
 Summon Lightning Spire   Summ/Air       10%        N/A       52%         4


Dungeon Overview and Level Annotations

Branches:
Dungeon (2/15) Zot: 709 You are so drained that the power of Zot will kill you!

Altars:


Innate Abilities, Weirdness & Mutations

You passively map a small area around you.
You are easily found by Zot.
You glow in the dark.
You regain HP and MP as you explore.


Message History

l - a pink potion
There is a stone staircase leading down here.
You climb downwards.
There is a stone staircase leading up here.
A frilled lizard comes into view.
The frilled lizard hisses angrily.
Casting: Summon Small Mammal (safe; 1% risk of failure)
Confirm with . or Enter, or press ? or * to list all spells.
You swap places.
Your bat closely misses the frilled lizard.
Your bat misses the frilled lizard. x2
The frilled lizard closely misses your bat.
Your bat misses the frilled lizard. x2
The frilled lizard closely misses your bat.
Casting: Summon Small Mammal (safe; 1% risk of failure)
Confirm with . or Enter, or press ? or * to list all spells.
Your bat misses the frilled lizard.
You swap places.
The frilled lizard misses you.
You barely miss the frilled lizard. You hit the frilled lizard.
You kill the frilled lizard!
f - 4 scrolls labelled ZABEAPL PEUMIA (gained 3)
A worm and a rat come into view.
Found a robe.
A kobold and a jackal come into view.
The kobold shouts!
The jackal barks!
A jackal comes into view.
You swap places.
Your bat barely misses the rat.
The kobold throws a stone.
The stone closely misses you. The rat completely misses you.
A jackal comes into view.
Your bat closely misses the rat.
The rat bites you but does no damage.
Your bat barely misses the rat.
Your rat bites the worm.
The kobold throws a stone.
The stone hits you but does no damage.
Casting: Summon Small Mammal (safe; 1% risk of failure)
Confirm with . or Enter, or press ? or * to list all spells.
You miscast Summon Small Mammal.
You are very lightly contaminated with residual magic.
Nothing appears to happen.
Your bat hits the worm. The jackal bites you.
Ouch! That really hurt!
You die...

* #...... * ,
....... * ,
......##+####
,
#..K.......#
#....h..b..#*
#..........#*
* ,
#...hhw....#
#..[.@r....#
*
#......r...#
*
#######.####
, #.# * #.#
#.#
#.###########
#...........#
###########.#


You could see a worm (distracted), 3 jackals, a kobold, a rat (ally target), a
friendly bat (summoned) and a friendly rat (summoned).

Vanquished Creatures
  A frilled lizard (D:2)
1 creature vanquished.

Vanquished Creatures (collateral kills)
  A dart slug (D:1)
  2 endoplasms (D:1)
  A goblin (D:1)
  A hobgoblin (D:1)
  4 ball pythons (D:1)
  2 kobolds (D:1)
  A rat (D:1)
12 creatures vanquished.

Grand Total: 13 creatures vanquished

Notes
Turn   | Place    | Note
-------+----------+-------------------------------------------
     0 | D:1      | mester the Meteoran Summoner began the quest for the Orb.
     0 | D:1      | Reached XP level 1. HP: 14/14 MP: 5/5
   168 | D:1      | Reached skill level 5 in Summonings
   435 | D:1      | Reached XP level 2. HP: 20/20 MP: 4/6
   500 | D:1      | Glimpsed the power of Zot.
   550 | D:1      | Glimpsed the power of Zot.
   590 | D:1      | Glimpsed the power of Zot.
   600 | D:1      | Touched by the power of Zot.
   701 | D:1      | Glimpsed the power of Zot.
   751 | D:1      | Glimpsed the power of Zot.
   791 | D:1      | Glimpsed the power of Zot.
   800 | D:1      | Touched by the power of Zot.
   901 | D:1      | Glimpsed the power of Zot.
   949 | D:1      | Glimpsed the power of Zot.
   984 | D:1      | Glimpsed the power of Zot.
   994 | D:1      | Touched by the power of Zot.
  1085 | D:2      | Slain by a jackal

Illustrated notes

Levels and vault maps discovered:
D:1:      wander_arrival_chamber, layout_loops_ring, serial_bayou_crossing
D:2:      layout_basic, serial_glass, glass_columns_c, glass_columns_c,
          item_on_display_a, minmay_heptomino_o4

Skill      XL: |  1 |
---------------+----+-----
Summonings     | 5 |  5.4
Short Blades   | |  0.2
Dodging        | |  2.4
Stealth        | |  1.4
Spellcasting   | |  2.8

Action                   || total
-------------------------++-------
Melee: Dagger            ||     2
 Cast: Summon Small Mamm ||    19
Armor: Robe              ||     2
Dodge: Dodged            ||     4
